TOP OF THE 1ST |
Menlo Maniacs batting - Pitching for Riverside Red Bulls : LHP Carlos Castillo
|
Pitching: LHP Carlos Castillo
|
|
Batting: LHB Pedro Rodríguez
|
0-0: Ball 1-0: Swinging Strike 1-1: Ball 2-1: Foul Ball, location: 2F 2-2: Foul Ball, location: 2F 2-2: SINGLE (Line Drive, 4MD)
|
Batting: LHB Dan Hamilton
|
0-0: Called Strike 0-1: SINGLE (Groundball, 34D) Pedro Rodríguez to second Runner from 2nd tries for 3rd, SAFE, throw made to third Dan Hamilton to second
|
Batting: RHB Júlio Trinidad
|
0-0: Called Strike 0-1: SINGLE (Flyball, 34D) Pedro Rodríguez scores Dan Hamilton to third
|
Batting: RHB Daryl Floyd
|
0-0: Ball 1-0: Called Strike 1-1: Foul Ball, location: 2F 1-2: Strikes out swinging
|
Batting: RHB Steve Sampson
|
0-0: Foul Ball, location: 2F 0-1: Called Strike 0-2: Strikes out swinging
|
Batting: LHB Paul Alexander
|
0-0: Ball 1-0: Ball 2-0: Foul Ball, location: 2F 2-1: Swinging Strike 2-2: Strikes out swinging
|
Top of the 1st over - 1 run(s), 3 hit(s), 0 error(s), 2 left on base; Menlo 1 - Riverside 0 |
BOTTOM OF THE 1ST |
Riverside Red Bulls batting - Pitching for Menlo Maniacs : RHP Will Jackson
|
Pitching: RHP Will Jackson
|
|
Batting: RHB Tom Howe
|
0-0: Called Strike 0-1: Foul Ball, location: 2F 0-2: Ground out 5-3 (Groundball, 56S)
|
Batting: RHB Pedro Mata
|
0-0: Ball 1-0: Called Strike 1-1: Ground out 6-3 (Groundball, 6)
|
Batting: LHB Paco Rivera
|
0-0: Called Strike 0-1: SOLO HOME RUN (Flyball, 7LD), Distance : 382 ft
|
Batting: RHB Earnest Finnegan
|
0-0: Ball 1-0: Ground out 5-3 (Groundball, 5)
|
Bottom of the 1st over - 1 run(s), 1 hit(s), 0 error(s), 0 left on base; Menlo 1 - Riverside 1 |
TOP OF THE 2ND |
Menlo Maniacs batting - Pitching for Riverside Red Bulls : LHP Carlos Castillo
|
Batting: RHB Philip Burke
|
0-0: Called Strike 0-1: Foul Ball, location: 2F 0-2: Ball 1-2: Strikes out looking
|
Batting: RHB Ernest Russell
|
0-0: Ball 1-0: Foul Ball, location: 2F 1-1: Ball 2-1: Called Strike 2-2: SINGLE (Groundball, 4M)
|
Batting: RHB Gilberto León
|
0-0: Ball 1-0: Ball 2-0: SINGLE (Groundball, 6MD) Ernest Russell to second
|
Batting: LHB Pedro Rodríguez
|
0-0: Fly out, F7 (Flyball, 78M)
|
Batting: LHB Dan Hamilton
|
0-0: Ball 1-0: Foul Ball, location: 2F 1-1: Ball 2-1: Swinging Strike 2-2: Ball 3-2: Foul Ball, location: 2F 3-2: Strikes out swinging
|
Top of the 2nd over - 0 run(s), 2 hit(s), 0 error(s), 2 left on base; Menlo 1 - Riverside 1 |
BOTTOM OF THE 2ND |
Riverside Red Bulls batting - Pitching for Menlo Maniacs : RHP Will Jackson
|
Batting: RHB Kevin Brown
|
0-0: Ball 1-0: Ball 2-0: Ball 3-0: Base on Balls
|
Batting: RHB Marcos Hernández
|
0-0: Called Strike 0-1: Called Strike 0-2: Ball 1-2: Ground out 4-3 (Groundball, 4M) Kevin Brown to second
|
Batting: RHB Fernando Gálvez
|
0-0: Foul Ball, location: 2F 0-1: Ball 1-1: Foul Ball, location: 2F 1-2: Foul Ball, location: 2F 1-2: Foul Ball, location: 2F 1-2: Foul Ball, location: 2F 1-2: Ball 2-2: Foul Ball, location: 2F 2-2: Ground out 5-3 (Groundball, 5L)
|
Batting: RHB Brandon Pope
|
0-0: Called Strike 0-1: Ball 1-1: Foul Ball, location: 2F 1-2: Fly out, F5 (Line Drive, 56S)
|
Bottom of the 2nd over - 0 run(s), 0 hit(s), 0 error(s), 1 left on base; Menlo 1 - Riverside 1 |
TOP OF THE 3RD |
Menlo Maniacs batting - Pitching for Riverside Red Bulls : LHP Carlos Castillo
|
Batting: RHB Júlio Trinidad
|
0-0: Called Strike 0-1: Ball 1-1: Swinging Strike 1-2: Strikes out swinging
|
Batting: RHB Daryl Floyd
|
0-0: Called Strike 0-1: Called Strike 0-2: Strikes out swinging
|
Batting: RHB Steve Sampson
|
0-0: Called Strike 0-1: Foul Ball, location: 2F 0-2: Ball 1-2: Ball 2-2: Ball 3-2: Base on Balls
|
Batting: LHB Paul Alexander
|
0-0: Called Strike 0-1: Foul Ball, location: 2F 0-2: Ground out 6-3 (Groundball, 6)
|
Top of the 3rd over - 0 run(s), 0 hit(s), 0 error(s), 1 left on base; Menlo 1 - Riverside 1 |
BOTTOM OF THE 3RD |
Riverside Red Bulls batting - Pitching for Menlo Maniacs : RHP Will Jackson
|
Batting: SHB Luis Alonso
|
0-0: Ball 1-0: Ball 2-0: Called Strike 2-1: Fly out, F6 (Popup, 56D)
|
Batting: RHB Tom Howe
|
0-0: Ground out 1-3 (Groundball, 13S)
|
Batting: RHB Pedro Mata
|
0-0: Called Strike 0-1: Swinging Strike 0-2: Fly out, F6 (Line Drive, 6)
|
Bottom of the 3rd over - 0 run(s), 0 hit(s), 0 error(s), 0 left on base; Menlo 1 - Riverside 1 |
TOP OF THE 4TH |
Menlo Maniacs batting - Pitching for Riverside Red Bulls : LHP Carlos Castillo
|
Batting: RHB Philip Burke
|
0-0: Ground out 5-3 (Groundball, 5)
|
Batting: RHB Ernest Russell
|
0-0: Swinging Strike 0-1: Fly out, F9 (Flyball, 9M)
|
Batting: RHB Gilberto León
|
0-0: Swinging Strike 0-1: Foul Ball, location: 2F 0-2: Ball 1-2: Foul Ball, location: 2F 1-2: Strikes out swinging
|
Top of the 4th over - 0 run(s), 0 hit(s), 0 error(s), 0 left on base; Menlo 1 - Riverside 1 |
BOTTOM OF THE 4TH |
Riverside Red Bulls batting - Pitching for Menlo Maniacs : RHP Will Jackson
|
Batting: LHB Paco Rivera
|
0-0: Ball 1-0: Ball 2-0: Ground out 1-3 (Groundball, 13S)
|
Batting: RHB Earnest Finnegan
|
0-0: Hit by Pitch
|
Batting: RHB Kevin Brown
|
0-0: Called Strike 0-1: Ball 1-1: Called Strike 1-2: Hit by Pitch Earnest Finnegan to second
|
Batting: RHB Marcos Hernández
|
0-0: Foul Ball, location: 2F 0-1: Ball Earnest Finnegan steals 3rd base Kevin Brown to second 1-1: Foul Ball, location: 2F 1-2: Ball 2-2: Ball 3-2: Hit by Pitch
|
Batting: RHB Fernando Gálvez
|
0-0: Foul Ball, location: 2F 0-1: Ball 1-1: Ball 2-1: Foul Ball, location: 2F 2-2: Ball 3-2: Fly out, F8 (Flyball, 8LXD) Runner from 3rd tags up, SCORES, no throw Kevin Brown to third
|
Batting: RHB Brandon Pope
|
0-0: Ball 1-0: Called Strike 1-1: Foul Ball, location: 2F 1-2: Strikes out swinging
|
Bottom of the 4th over - 1 run(s), 0 hit(s), 0 error(s), 2 left on base; Menlo 1 - Riverside 2 |
TOP OF THE 5TH |
Menlo Maniacs batting - Pitching for Riverside Red Bulls : LHP Carlos Castillo
|
Batting: LHB Pedro Rodríguez
|
0-0: Called Strike 0-1: Swinging Strike 0-2: Ball 1-2: Ball 2-2: Ball 3-2: Strikes out swinging
|
Batting: LHB Dan Hamilton
|
0-0: Ball 1-0: Swinging Strike 1-1: Ground out 1-3 (Groundball, 13)
|
Batting: RHB Júlio Trinidad
|
0-0: Swinging Strike 0-1: Foul Ball, location: 2F 0-2: Ball 1-2: Foul Ball, location: 2F 1-2: Ball 2-2: Fly out, F9 (Flyball, 9S)
|
Top of the 5th over - 0 run(s), 0 hit(s), 0 error(s), 0 left on base; Menlo 1 - Riverside 2 |
BOTTOM OF THE 5TH |
Riverside Red Bulls batting - Pitching for Menlo Maniacs : RHP Will Jackson
|
Batting: SHB Luis Alonso
|
0-0: Called Strike 0-1: Called Strike 0-2: Foul Ball, location: 2F 0-2: Ball 1-2: Reached on error, E5 (Groundball, 56S)
|
Batting: RHB Tom Howe
|
0-0: Ball 1-0: Foul Ball, location: 2F 1-1: Ball 2-1: SINGLE (Flyball, 7LM) Luis Alonso to second
|
Batting: RHB Pedro Mata
|
0-0: Foul Ball, location: 2F 0-1: Ball 1-1: Ground out 5-3 (Groundball, 56S) Luis Alonso to third Tom Howe to second
|
Batting: LHB Paco Rivera
|
0-0: Ball 1-0: Called Strike 1-1: Ball 2-1: Called Strike 2-2: Ball 3-2: Fly out, F8 (Line Drive, 8LS)
|
Batting: RHB Earnest Finnegan
|
0-0: Swinging Strike 0-1: Ball 1-1: Ball Wild Pitch! Luis Alonso scores Tom Howe to third 2-1: Ball 3-1: Base on Balls
|
Batting: RHB Kevin Brown
|
0-0: Ball 1-0: Ball 2-0: Foul Ball, location: 2F 2-1: Ground out 5-3 (Groundball, 6S)
|
Bottom of the 5th over - 1 run(s), 1 hit(s), 1 error(s), 2 left on base; Menlo 1 - Riverside 3 |
TOP OF THE 6TH |
Menlo Maniacs batting - Pitching for Riverside Red Bulls : LHP Carlos Castillo
|
Pitching: RHP Alberto Gutiérrez
|
|
Batting: RHB Daryl Floyd
|
0-0: Ball 1-0: Ball 2-0: Swinging Strike 2-1: SINGLE (Flyball, 7S)
|
Batting: RHB Steve Sampson
|
0-0: Foul Ball, location: 2F 0-1: Ball 1-1: Foul Ball, location: 2F 1-2: Ball 2-2: Ball 3-2: Foul Ball, location: 2F 3-2: Fly out, F8 (Line Drive, 8RS) 3-2: Fly out, F8 (Line Drive, 8RS)
|
Batting: LHB Paul Alexander
|
0-0: Ball 1-0: Ball 2-0: Foul Ball, location: 2F 2-1: Ground out 4-3 (Groundball, 4M) Daryl Floyd to second
|
Batting: RHB Philip Burke
|
0-0: Called Strike 0-1: Called Strike 0-2: Ball 1-2: Ball 2-2: Foul Ball, location: 2F 2-2: Strikes out swinging
|
Top of the 6th over - 0 run(s), 1 hit(s), 0 error(s), 1 left on base; Menlo 1 - Riverside 3 |
BOTTOM OF THE 6TH |
Riverside Red Bulls batting - Pitching for Menlo Maniacs : RHP Will Jackson
|
Batting: RHB Marcos Hernández
|
0-0: Ball 1-0: Ball 2-0: SINGLE (Flyball, 9S)
|
Pitching: RHP Bryan Bray
|
|
Batting: RHB Fernando Gálvez
|
0-0: Ball 1-0: Ball 2-0: Called Strike 2-1: Ball 3-1: Swinging Strike 3-2: SINGLE (Line Drive, 6MD) Marcos Hernández to second
|
Batting: RHB Brandon Pope
|
0-0: Called Strike 0-1: Foul Ball, location: 2F 0-2: Strikes out swinging
|
Batting: SHB Luis Alonso
|
0-0: Ball 1-0: Grounds into double play, 4-6-3 (Groundball, 4)
|
Bottom of the 6th over - 0 run(s), 2 hit(s), 0 error(s), 1 left on base; Menlo 1 - Riverside 3 |
TOP OF THE 7TH |
Menlo Maniacs batting - Pitching for Riverside Red Bulls : RHP Alberto Gutiérrez
|
Batting: RHB Ernest Russell
|
0-0: Ball 1-0: Called Strike 1-1: Ball 2-1: Called Strike 2-2: Strikes out swinging
|
Batting: RHB Gilberto León
|
0-0: SINGLE (Groundball, 56D)
|
Pitching: LHP Joe Phillips
|
|
Batting: LHB Pedro Rodríguez
|
0-0: Foul Ball, location: 2F 0-1: Called Strike 0-2: Foul Ball, location: 2F 0-2: Foul Ball, location: 2F 0-2: Foul Ball, location: 2F 0-2: Ball 1-2: Foul Ball, location: 2F 1-2: SINGLE (Line Drive, 78S) Gilberto León to second
|
Pitching: RHP José López
|
|
Batting: LHB Dan Hamilton
|
0-0: Called Strike 0-1: Ball 1-1: Fly out, F8 (Flyball, 8LD) Runner from 2nd tags up, SAFE at 3rd, no throw
|
Pinch Hitting: LHB Jeff Tucker
|
0-0: Ball 1-0: Ground out 4-3 (Groundball, 34)
|
Top of the 7th over - 0 run(s), 2 hit(s), 0 error(s), 2 left on base; Menlo 1 - Riverside 3 |
BOTTOM OF THE 7TH |
Riverside Red Bulls batting - Pitching for Menlo Maniacs : RHP Bryan Bray
|
Now at 3B: Luis Ramírez
|
|
Batting: RHB Tom Howe
|
0-0: Foul Ball, location: 2F 0-1: Swinging Strike 0-2: Ground out 3-1 (Groundball, 34S)
|
Batting: RHB Pedro Mata
|
0-0: Called Strike 0-1: Called Strike 0-2: Foul Ball, location: 2F 0-2: Ball 1-2: Strikes out swinging
|
Batting: LHB Paco Rivera
|
0-0: Ball 1-0: DOUBLE (Line Drive, 7LS)
|
Batting: RHB Earnest Finnegan
|
0-0: Ball 1-0: Called Strike 1-1: Called Strike 1-2: Ball 2-2: Ground out 1-3 (Groundball, 13S)
|
Bottom of the 7th over - 0 run(s), 1 hit(s), 0 error(s), 1 left on base; Menlo 1 - Riverside 3 |
TOP OF THE 8TH |
Menlo Maniacs batting - Pitching for Riverside Red Bulls : RHP José López
|
Batting: RHB Daryl Floyd
|
0-0: Fly out, F8 (Flyball, 8RS)
|
Batting: RHB Steve Sampson
|
0-0: Called Strike 0-1: Called Strike 0-2: Fly out, F8 (Flyball, 8LXD)
|
Batting: LHB Paul Alexander
|
0-0: Called Strike 0-1: Ball 1-1: Foul Ball, location: 2F 1-2: Strikes out swinging
|
Top of the 8th over - 0 run(s), 0 hit(s), 0 error(s), 0 left on base; Menlo 1 - Riverside 3 |
BOTTOM OF THE 8TH |
Riverside Red Bulls batting - Pitching for Menlo Maniacs : RHP Bryan Bray
|
Pitching: RHP Steve Poe
|
|
Batting: RHB Kevin Brown
|
0-0: Called Strike 0-1: Swinging Strike 0-2: Ball 1-2: Foul Ball, location: 2F 1-2: Ball 2-2: Strikes out swinging
|
Batting: RHB Marcos Hernández
|
0-0: Foul Ball, location: 2F 0-1: Swinging Strike 0-2: Ball 1-2: Strikes out swinging
|
Batting: RHB Fernando Gálvez
|
0-0: Called Strike 0-1: Swinging Strike 0-2: Ball 1-2: Ball 2-2: Foul Ball, location: 2F 2-2: Strikes out swinging
|
Bottom of the 8th over - 0 run(s), 0 hit(s), 0 error(s), 0 left on base; Menlo 1 - Riverside 3 |
TOP OF THE 9TH |
Menlo Maniacs batting - Pitching for Riverside Red Bulls : RHP José López
|
Pitching: LHP Stu Creichton
|
|
Batting: RHB Philip Burke
|
0-0: Called Strike 0-1: Ball 1-1: Called Strike 1-2: Strikes out swinging
|
Batting: RHB Ernest Russell
|
0-0: Foul Ball, location: 2F 0-1: Ball 1-1: Ground out 5-3 (Groundball, 5S)
|
Batting: RHB Gilberto León
|
0-0: Ball 1-0: Called Strike 1-1: Foul Ball, location: 2F 1-2: Ball 2-2: Strikes out looking
|
Top of the 9th over - 0 run(s), 0 hit(s), 0 error(s), 0 left on base; Menlo 1 - Riverside 3 |
|